%YAML 1.1
%TAG !u! tag:unity3d.com,2011:
--- !u!1 &3622287735602384483
GameObject:
  m_ObjectHideFlags: 0
  m_CorrespondingSourceObject: {fileID: 0}
  m_PrefabInstance: {fileID: 0}
  m_PrefabAsset: {fileID: 0}
  serializedVersion: 6
  m_Component:
  - component: {fileID: 4704934069545148156}
  m_Layer: 0
  m_Name: Gun
  m_TagString: Untagged
  m_Icon: {fileID: 0}
  m_NavMeshLayer: 0
  m_StaticEditorFlags: 0
  m_IsActive: 1
--- !u!4 &4704934069545148156
Transform:
  m_ObjectHideFlags: 0
  m_CorrespondingSourceObject: {fileID: 0}
  m_PrefabInstance: {fileID: 0}
  m_PrefabAsset: {fileID: 0}
  m_GameObject: {fileID: 3622287735602384483}
  m_LocalRotation: {x: 0, y: 0, z: 0.7071068, w: 0.7071068}
  m_LocalPosition: {x: -0.12, y: -4.03, z: 11.978007}
  m_LocalScale: {x: 1, y: 1, z: 1}
  m_Children:
  - {fileID: 2934683471104741568}
  - {fileID: 261558516340093211}
  m_Father: {fileID: 3841367644552360493}
  m_RootOrder: 1
  m_LocalEulerAnglesHint: {x: 0, y: 0, z: 90}
--- !u!1 &7658426939551107637
GameObject:
  m_ObjectHideFlags: 0
  m_CorrespondingSourceObject: {fileID: 0}
  m_PrefabInstance: {fileID: 0}
  m_PrefabAsset: {fileID: 0}
  serializedVersion: 6
  m_Component:
  - component: {fileID: 3841367644552360493}
  m_Layer: 0
  m_Name: Level 23
  m_TagString: Untagged
  m_Icon: {fileID: 0}
  m_NavMeshLayer: 0
  m_StaticEditorFlags: 0
  m_IsActive: 1
--- !u!4 &3841367644552360493
Transform:
  m_ObjectHideFlags: 0
  m_CorrespondingSourceObject: {fileID: 0}
  m_PrefabInstance: {fileID: 0}
  m_PrefabAsset: {fileID: 0}
  m_GameObject: {fileID: 7658426939551107637}
  m_LocalRotation: {x: 0, y: 0, z: 0, w: 1}
  m_LocalPosition: {x: 0, y: 0, z: 0}
  m_LocalScale: {x: 1, y: 1, z: 1}
  m_Children:
  - {fileID: 2806325951408011937}
  - {fileID: 4704934069545148156}
  - {fileID: 1051949352949996151}
  - {fileID: 6148562820274952846}
  - {fileID: 5927912650930741282}
  - {fileID: 3510130873479723776}
  - {fileID: 172238710258903564}
  m_Father: {fileID: 0}
  m_RootOrder: 0
  m_LocalEulerAnglesHint: {x: 0, y: 0, z: 0}
--- !u!1001 &834477720487034924
PrefabInstance:
  m_ObjectHideFlags: 0
  serializedVersion: 2
  m_Modification:
    m_TransformParent: {fileID: 3841367644552360493}
    m_Modifications:
    - target: {fileID: 2871590824497188121, guid: 4fbe9c4c226ce28409db4d7db7dcf946,
        type: 3}
      propertyPath: m_Name
      value: longplatform
      objectReference: {fileID: 0}
    - target: {fileID: 2992685244579846897, guid: 4fbe9c4c226ce28409db4d7db7dcf946,
        type: 3}
      propertyPath: m_LocalPosition.x
      value: 62
      objectReference: {fileID: 0}
    - target: {fileID: 2992685244579846897, guid: 4fbe9c4c226ce28409db4d7db7dcf946,
        type: 3}
      propertyPath: m_LocalPosition.z
      value: 11
      objectReference: {fileID: 0}
    - target: {fileID: 4261201836460505900, guid: 4fbe9c4c226ce28409db4d7db7dcf946,
        type: 3}
      propertyPath: m_LocalPosition.x
      value: -2
      objectReference: {fileID: 0}
    - target: {fileID: 4261201836460505900, guid: 4fbe9c4c226ce28409db4d7db7dcf946,
        type: 3}
      propertyPath: m_LocalPosition.y
      value: -0.21807767
      objectReference: {fileID: 0}
    - target: {fileID: 4261201836460505900, guid: 4fbe9c4c226ce28409db4d7db7dcf946,
        type: 3}
      propertyPath: m_LocalPosition.z
      value: 1.78
      objectReference: {fileID: 0}
    - target: {fileID: 4261201836460505900, guid: 4fbe9c4c226ce28409db4d7db7dcf946,
        type: 3}
      propertyPath: m_LocalRotation.x
      value: 0.000000029802326
      objectReference: {fileID: 0}
    - target: {fileID: 4261201836460505900, guid: 4fbe9c4c226ce28409db4d7db7dcf946,
        type: 3}
      propertyPath: m_LocalRotation.y
      value: -0.70710677
      objectReference: {fileID: 0}
    - target: {fileID: 4261201836460505900, guid: 4fbe9c4c226ce28409db4d7db7dcf946,
        type: 3}
      propertyPath: m_LocalRotation.z
      value: 0.70710677
      objectReference: {fileID: 0}
    - target: {fileID: 4261201836460505900, guid: 4fbe9c4c226ce28409db4d7db7dcf946,
        type: 3}
      propertyPath: m_LocalRotation.w
      value: 0.000000029802326
      objectReference: {fileID: 0}
    - target: {fileID: 4261201836460505900, guid: 4fbe9c4c226ce28409db4d7db7dcf946,
        type: 3}
      propertyPath: m_RootOrder
      value: 5
      objectReference: {fileID: 0}
    - target: {fileID: 4261201836460505900, guid: 4fbe9c4c226ce28409db4d7db7dcf946,
        type: 3}
      propertyPath: m_LocalEulerAnglesHint.x
      value: -270
      objectReference: {fileID: 0}
    - target: {fileID: 4261201836460505900, guid: 4fbe9c4c226ce28409db4d7db7dcf946,
        type: 3}
      propertyPath: m_LocalEulerAnglesHint.y
      value: 90.00001
      objectReference: {fileID: 0}
    - target: {fileID: 4261201836460505900, guid: 4fbe9c4c226ce28409db4d7db7dcf946,
        type: 3}
      propertyPath: m_LocalEulerAnglesHint.z
      value: -90.00001
      objectReference: {fileID: 0}
    m_RemovedComponents: []
  m_SourcePrefab: {fileID: 100100000, guid: 4fbe9c4c226ce28409db4d7db7dcf946, type: 3}
--- !u!4 &3510130873479723776 stripped
Transform:
  m_CorrespondingSourceObject: {fileID: 4261201836460505900, guid: 4fbe9c4c226ce28409db4d7db7dcf946,
    type: 3}
  m_PrefabInstance: {fileID: 834477720487034924}
  m_PrefabAsset: {fileID: 0}
--- !u!1001 &1652720483348559571
PrefabInstance:
  m_ObjectHideFlags: 0
  serializedVersion: 2
  m_Modification:
    m_TransformParent: {fileID: 4704934069545148156}
    m_Modifications:
    - target: {fileID: 4491693654098322963, guid: f64f14078dfaf3b4382c2e9ea69f4aa0,
        type: 3}
      propertyPath: m_LocalPosition.x
      value: 0.24484809
      objectReference: {fileID: 0}
    - target: {fileID: 4491693654098322963, guid: f64f14078dfaf3b4382c2e9ea69f4aa0,
        type: 3}
      propertyPath: m_LocalPosition.y
      value: -2.9501228
      objectReference: {fileID: 0}
    - target: {fileID: 4491693654098322963, guid: f64f14078dfaf3b4382c2e9ea69f4aa0,
        type: 3}
      propertyPath: m_LocalPosition.z
      value: -11.448008
      objectReference: {fileID: 0}
    - target: {fileID: 4491693654098322963, guid: f64f14078dfaf3b4382c2e9ea69f4aa0,
        type: 3}
      propertyPath: m_LocalRotation.x
      value: 0.7071068
      objectReference: {fileID: 0}
    - target: {fileID: 4491693654098322963, guid: f64f14078dfaf3b4382c2e9ea69f4aa0,
        type: 3}
      propertyPath: m_LocalRotation.y
      value: -0
      objectReference: {fileID: 0}
    - target: {fileID: 4491693654098322963, guid: f64f14078dfaf3b4382c2e9ea69f4aa0,
        type: 3}
      propertyPath: m_LocalRotation.z
      value: -0
      objectReference: {fileID: 0}
    - target: {fileID: 4491693654098322963, guid: f64f14078dfaf3b4382c2e9ea69f4aa0,
        type: 3}
      propertyPath: m_LocalRotation.w
      value: 0.7071068
      objectReference: {fileID: 0}
    - target: {fileID: 4491693654098322963, guid: f64f14078dfaf3b4382c2e9ea69f4aa0,
        type: 3}
      propertyPath: m_RootOrder
      value: 0
      objectReference: {fileID: 0}
    - target: {fileID: 4491693654098322963, guid: f64f14078dfaf3b4382c2e9ea69f4aa0,
        type: 3}
      propertyPath: m_LocalEulerAnglesHint.x
      value: 90
      objectReference: {fileID: 0}
    - target: {fileID: 4491693654098322963, guid: f64f14078dfaf3b4382c2e9ea69f4aa0,
        type: 3}
      propertyPath: m_LocalEulerAnglesHint.y
      value: 0
      objectReference: {fileID: 0}
    - target: {fileID: 4491693654098322963, guid: f64f14078dfaf3b4382c2e9ea69f4aa0,
        type: 3}
      propertyPath: m_LocalEulerAnglesHint.z
      value: 0
      objectReference: {fileID: 0}
    - target: {fileID: 4491693654098322963, guid: f64f14078dfaf3b4382c2e9ea69f4aa0,
        type: 3}
      propertyPath: m_LocalScale.y
      value: 1
      objectReference: {fileID: 0}
    - target: {fileID: 4491693654098322963, guid: f64f14078dfaf3b4382c2e9ea69f4aa0,
        type: 3}
      propertyPath: m_LocalScale.z
      value: 1
      objectReference: {fileID: 0}
    - target: {fileID: 8511287009616507962, guid: f64f14078dfaf3b4382c2e9ea69f4aa0,
        type: 3}
      propertyPath: m_Name
      value: Cannon
      objectReference: {fileID: 0}
    m_RemovedComponents: []
  m_SourcePrefab: {fileID: 100100000, guid: f64f14078dfaf3b4382c2e9ea69f4aa0, type: 3}
--- !u!4 &2934683471104741568 stripped
Transform:
  m_CorrespondingSourceObject: {fileID: 4491693654098322963, guid: f64f14078dfaf3b4382c2e9ea69f4aa0,
    type: 3}
  m_PrefabInstance: {fileID: 1652720483348559571}
  m_PrefabAsset: {fileID: 0}
--- !u!1001 &2900825131147418050
PrefabInstance:
  m_ObjectHideFlags: 0
  serializedVersion: 2
  m_Modification:
    m_TransformParent: {fileID: 3841367644552360493}
    m_Modifications:
    - target: {fileID: 1190026253047886246, guid: 08880ca7882bcdd4a8364a54fda23154,
        type: 3}
      propertyPath: m_Name
      value: obstacle
      objectReference: {fileID: 0}
    - target: {fileID: 2799140320935674805, guid: 08880ca7882bcdd4a8364a54fda23154,
        type: 3}
      propertyPath: m_LocalPosition.x
      value: 0.99
      objectReference: {fileID: 0}
    - target: {fileID: 2799140320935674805, guid: 08880ca7882bcdd4a8364a54fda23154,
        type: 3}
      propertyPath: m_LocalPosition.y
      value: -1.63
      objectReference: {fileID: 0}
    - target: {fileID: 2799140320935674805, guid: 08880ca7882bcdd4a8364a54fda23154,
        type: 3}
      propertyPath: m_LocalPosition.z
      value: -1.96
      objectReference: {fileID: 0}
    - target: {fileID: 2799140320935674805, guid: 08880ca7882bcdd4a8364a54fda23154,
        type: 3}
      propertyPath: m_LocalRotation.x
      value: -0
      objectReference: {fileID: 0}
    - target: {fileID: 2799140320935674805, guid: 08880ca7882bcdd4a8364a54fda23154,
        type: 3}
      propertyPath: m_LocalRotation.y
      value: -0
      objectReference: {fileID: 0}
    - target: {fileID: 2799140320935674805, guid: 08880ca7882bcdd4a8364a54fda23154,
        type: 3}
      propertyPath: m_LocalRotation.z
      value: -0
      objectReference: {fileID: 0}
    - target: {fileID: 2799140320935674805, guid: 08880ca7882bcdd4a8364a54fda23154,
        type: 3}
      propertyPath: m_LocalRotation.w
      value: 1
      objectReference: {fileID: 0}
    - target: {fileID: 2799140320935674805, guid: 08880ca7882bcdd4a8364a54fda23154,
        type: 3}
      propertyPath: m_RootOrder
      value: 2
      objectReference: {fileID: 0}
    - target: {fileID: 2799140320935674805, guid: 08880ca7882bcdd4a8364a54fda23154,
        type: 3}
      propertyPath: m_LocalEulerAnglesHint.x
      value: 0
      objectReference: {fileID: 0}
    - target: {fileID: 2799140320935674805, guid: 08880ca7882bcdd4a8364a54fda23154,
        type: 3}
      propertyPath: m_LocalEulerAnglesHint.y
      value: 0
      objectReference: {fileID: 0}
    - target: {fileID: 2799140320935674805, guid: 08880ca7882bcdd4a8364a54fda23154,
        type: 3}
      propertyPath: m_LocalEulerAnglesHint.z
      value: 0
      objectReference: {fileID: 0}
    m_RemovedComponents: []
  m_SourcePrefab: {fileID: 100100000, guid: 08880ca7882bcdd4a8364a54fda23154, type: 3}
--- !u!4 &1051949352949996151 stripped
Transform:
  m_CorrespondingSourceObject: {fileID: 2799140320935674805, guid: 08880ca7882bcdd4a8364a54fda23154,
    type: 3}
  m_PrefabInstance: {fileID: 2900825131147418050}
  m_PrefabAsset: {fileID: 0}
--- !u!1001 &3299412763641200366
PrefabInstance:
  m_ObjectHideFlags: 0
  serializedVersion: 2
  m_Modification:
    m_TransformParent: {fileID: 3841367644552360493}
    m_Modifications:
    - target: {fileID: 809465927352140879, guid: 61dfd91a06023c748959d1e61790931d,
        type: 3}
      propertyPath: m_LocalPosition.x
      value: 3.73
      objectReference: {fileID: 0}
    - target: {fileID: 809465927352140879, guid: 61dfd91a06023c748959d1e61790931d,
        type: 3}
      propertyPath: m_LocalPosition.y
      value: 2.48
      objectReference: {fileID: 0}
    - target: {fileID: 809465927352140879, guid: 61dfd91a06023c748959d1e61790931d,
        type: 3}
      propertyPath: m_LocalPosition.z
      value: 0.53
      objectReference: {fileID: 0}
    - target: {fileID: 809465927352140879, guid: 61dfd91a06023c748959d1e61790931d,
        type: 3}
      propertyPath: m_LocalRotation.x
      value: 0.7071068
      objectReference: {fileID: 0}
    - target: {fileID: 809465927352140879, guid: 61dfd91a06023c748959d1e61790931d,
        type: 3}
      propertyPath: m_LocalRotation.y
      value: 0
      objectReference: {fileID: 0}
    - target: {fileID: 809465927352140879, guid: 61dfd91a06023c748959d1e61790931d,
        type: 3}
      propertyPath: m_LocalRotation.z
      value: 0
      objectReference: {fileID: 0}
    - target: {fileID: 809465927352140879, guid: 61dfd91a06023c748959d1e61790931d,
        type: 3}
      propertyPath: m_LocalRotation.w
      value: 0.7071068
      objectReference: {fileID: 0}
    - target: {fileID: 809465927352140879, guid: 61dfd91a06023c748959d1e61790931d,
        type: 3}
      propertyPath: m_RootOrder
      value: 0
      objectReference: {fileID: 0}
    - target: {fileID: 809465927352140879, guid: 61dfd91a06023c748959d1e61790931d,
        type: 3}
      propertyPath: m_LocalEulerAnglesHint.x
      value: 90
      objectReference: {fileID: 0}
    - target: {fileID: 809465927352140879, guid: 61dfd91a06023c748959d1e61790931d,
        type: 3}
      propertyPath: m_LocalEulerAnglesHint.y
      value: 0
      objectReference: {fileID: 0}
    - target: {fileID: 809465927352140879, guid: 61dfd91a06023c748959d1e61790931d,
        type: 3}
      propertyPath: m_LocalEulerAnglesHint.z
      value: 0
      objectReference: {fileID: 0}
    - target: {fileID: 4422698798985098844, guid: 61dfd91a06023c748959d1e61790931d,
        type: 3}
      propertyPath: m_Name
      value: FinishPref
      objectReference: {fileID: 0}
    m_RemovedComponents: []
  m_SourcePrefab: {fileID: 100100000, guid: 61dfd91a06023c748959d1e61790931d, type: 3}
--- !u!4 &2806325951408011937 stripped
Transform:
  m_CorrespondingSourceObject: {fileID: 809465927352140879, guid: 61dfd91a06023c748959d1e61790931d,
    type: 3}
  m_PrefabInstance: {fileID: 3299412763641200366}
  m_PrefabAsset: {fileID: 0}
--- !u!1001 &4125647245220892960
PrefabInstance:
  m_ObjectHideFlags: 0
  serializedVersion: 2
  m_Modification:
    m_TransformParent: {fileID: 3841367644552360493}
    m_Modifications:
    - target: {fileID: 2871590824497188121, guid: 4fbe9c4c226ce28409db4d7db7dcf946,
        type: 3}
      propertyPath: m_Name
      value: longplatform (1)
      objectReference: {fileID: 0}
    - target: {fileID: 2992685244579846897, guid: 4fbe9c4c226ce28409db4d7db7dcf946,
        type: 3}
      propertyPath: m_LocalPosition.x
      value: 103
      objectReference: {fileID: 0}
    - target: {fileID: 2992685244579846897, guid: 4fbe9c4c226ce28409db4d7db7dcf946,
        type: 3}
      propertyPath: m_LocalPosition.z
      value: 11
      objectReference: {fileID: 0}
    - target: {fileID: 4261201836460505900, guid: 4fbe9c4c226ce28409db4d7db7dcf946,
        type: 3}
      propertyPath: m_LocalPosition.x
      value: 1.2579961
      objectReference: {fileID: 0}
    - target: {fileID: 4261201836460505900, guid: 4fbe9c4c226ce28409db4d7db7dcf946,
        type: 3}
      propertyPath: m_LocalPosition.y
      value: 1.73
      objectReference: {fileID: 0}
    - target: {fileID: 4261201836460505900, guid: 4fbe9c4c226ce28409db4d7db7dcf946,
        type: 3}
      propertyPath: m_LocalPosition.z
      value: 1.7704284
      objectReference: {fileID: 0}
    - target: {fileID: 4261201836460505900, guid: 4fbe9c4c226ce28409db4d7db7dcf946,
        type: 3}
      propertyPath: m_LocalRotation.x
      value: -0.5
      objectReference: {fileID: 0}
    - target: {fileID: 4261201836460505900, guid: 4fbe9c4c226ce28409db4d7db7dcf946,
        type: 3}
      propertyPath: m_LocalRotation.y
      value: -0.5
      objectReference: {fileID: 0}
    - target: {fileID: 4261201836460505900, guid: 4fbe9c4c226ce28409db4d7db7dcf946,
        type: 3}
      propertyPath: m_LocalRotation.z
      value: 0.5
      objectReference: {fileID: 0}
    - target: {fileID: 4261201836460505900, guid: 4fbe9c4c226ce28409db4d7db7dcf946,
        type: 3}
      propertyPath: m_LocalRotation.w
      value: 0.5
      objectReference: {fileID: 0}
    - target: {fileID: 4261201836460505900, guid: 4fbe9c4c226ce28409db4d7db7dcf946,
        type: 3}
      propertyPath: m_RootOrder
      value: 6
      objectReference: {fileID: 0}
    - target: {fileID: 4261201836460505900, guid: 4fbe9c4c226ce28409db4d7db7dcf946,
        type: 3}
      propertyPath: m_LocalEulerAnglesHint.x
      value: -180
      objectReference: {fileID: 0}
    - target: {fileID: 4261201836460505900, guid: 4fbe9c4c226ce28409db4d7db7dcf946,
        type: 3}
      propertyPath: m_LocalEulerAnglesHint.y
      value: 90
      objectReference: {fileID: 0}
    - target: {fileID: 4261201836460505900, guid: 4fbe9c4c226ce28409db4d7db7dcf946,
        type: 3}
      propertyPath: m_LocalEulerAnglesHint.z
      value: -90
      objectReference: {fileID: 0}
    m_RemovedComponents: []
  m_SourcePrefab: {fileID: 100100000, guid: 4fbe9c4c226ce28409db4d7db7dcf946, type: 3}
--- !u!4 &172238710258903564 stripped
Transform:
  m_CorrespondingSourceObject: {fileID: 4261201836460505900, guid: 4fbe9c4c226ce28409db4d7db7dcf946,
    type: 3}
  m_PrefabInstance: {fileID: 4125647245220892960}
  m_PrefabAsset: {fileID: 0}
--- !u!1001 &5105827276695820801
PrefabInstance:
  m_ObjectHideFlags: 0
  serializedVersion: 2
  m_Modification:
    m_TransformParent: {fileID: 4704934069545148156}
    m_Modifications:
    - target: {fileID: -4216859302048453862, guid: e14b3d784091ec746b89a3e10ccc1ec3,
        type: 3}
      propertyPath: m_LocalPosition.x
      value: 8.544848
      objectReference: {fileID: 0}
    - target: {fileID: -4216859302048453862, guid: e14b3d784091ec746b89a3e10ccc1ec3,
        type: 3}
      propertyPath: m_LocalPosition.y
      value: -8.720123
      objectReference: {fileID: 0}
    - target: {fileID: -4216859302048453862, guid: e14b3d784091ec746b89a3e10ccc1ec3,
        type: 3}
      propertyPath: m_LocalPosition.z
      value: -11.448008
      objectReference: {fileID: 0}
    - target: {fileID: -4216859302048453862, guid: e14b3d784091ec746b89a3e10ccc1ec3,
        type: 3}
      propertyPath: m_LocalRotation.x
      value: 0.7071068
      objectReference: {fileID: 0}
    - target: {fileID: -4216859302048453862, guid: e14b3d784091ec746b89a3e10ccc1ec3,
        type: 3}
      propertyPath: m_LocalRotation.y
      value: -0
      objectReference: {fileID: 0}
    - target: {fileID: -4216859302048453862, guid: e14b3d784091ec746b89a3e10ccc1ec3,
        type: 3}
      propertyPath: m_LocalRotation.z
      value: -0
      objectReference: {fileID: 0}
    - target: {fileID: -4216859302048453862, guid: e14b3d784091ec746b89a3e10ccc1ec3,
        type: 3}
      propertyPath: m_LocalRotation.w
      value: 0.7071068
      objectReference: {fileID: 0}
    - target: {fileID: -4216859302048453862, guid: e14b3d784091ec746b89a3e10ccc1ec3,
        type: 3}
      propertyPath: m_RootOrder
      value: 1
      objectReference: {fileID: 0}
    - target: {fileID: -4216859302048453862, guid: e14b3d784091ec746b89a3e10ccc1ec3,
        type: 3}
      propertyPath: m_LocalEulerAnglesHint.x
      value: 90
      objectReference: {fileID: 0}
    - target: {fileID: -4216859302048453862, guid: e14b3d784091ec746b89a3e10ccc1ec3,
        type: 3}
      propertyPath: m_LocalEulerAnglesHint.y
      value: 0
      objectReference: {fileID: 0}
    - target: {fileID: -4216859302048453862, guid: e14b3d784091ec746b89a3e10ccc1ec3,
        type: 3}
      propertyPath: m_LocalEulerAnglesHint.z
      value: 0
      objectReference: {fileID: 0}
    - target: {fileID: -927199367670048503, guid: e14b3d784091ec746b89a3e10ccc1ec3,
        type: 3}
      propertyPath: m_Name
      value: cylinder (1)
      objectReference: {fileID: 0}
    - target: {fileID: -684568028452062451, guid: e14b3d784091ec746b89a3e10ccc1ec3,
        type: 3}
      propertyPath: m_LocalPosition.x
      value: -8.33
      objectReference: {fileID: 0}
    - target: {fileID: -684568028452062451, guid: e14b3d784091ec746b89a3e10ccc1ec3,
        type: 3}
      propertyPath: m_LocalPosition.y
      value: 0.1
      objectReference: {fileID: 0}
    - target: {fileID: -684568028452062451, guid: e14b3d784091ec746b89a3e10ccc1ec3,
        type: 3}
      propertyPath: m_LocalPosition.z
      value: -2.28
      objectReference: {fileID: 0}
    m_RemovedComponents: []
  m_SourcePrefab: {fileID: 100100000, guid: e14b3d784091ec746b89a3e10ccc1ec3, type: 3}
--- !u!4 &261558516340093211 stripped
Transform:
  m_CorrespondingSourceObject: {fileID: -4216859302048453862, guid: e14b3d784091ec746b89a3e10ccc1ec3,
    type: 3}
  m_PrefabInstance: {fileID: 5105827276695820801}
  m_PrefabAsset: {fileID: 0}
--- !u!1001 &5368716860504753054
PrefabInstance:
  m_ObjectHideFlags: 0
  serializedVersion: 2
  m_Modification:
    m_TransformParent: {fileID: 3841367644552360493}
    m_Modifications:
    - target: {fileID: 2293905357122099472, guid: f9d9cb76bea14ce47b43d77c6e45542a,
        type: 3}
      propertyPath: m_LocalPosition.x
      value: -2.98
      objectReference: {fileID: 0}
    - target: {fileID: 2293905357122099472, guid: f9d9cb76bea14ce47b43d77c6e45542a,
        type: 3}
      propertyPath: m_LocalPosition.y
      value: -5.16
      objectReference: {fileID: 0}
    - target: {fileID: 2293905357122099472, guid: f9d9cb76bea14ce47b43d77c6e45542a,
        type: 3}
      propertyPath: m_LocalPosition.z
      value: 9.325301
      objectReference: {fileID: 0}
    - target: {fileID: 2293905357122099472, guid: f9d9cb76bea14ce47b43d77c6e45542a,
        type: 3}
      propertyPath: m_LocalRotation.x
      value: -0
      objectReference: {fileID: 0}
    - target: {fileID: 2293905357122099472, guid: f9d9cb76bea14ce47b43d77c6e45542a,
        type: 3}
      propertyPath: m_LocalRotation.y
      value: -0
      objectReference: {fileID: 0}
    - target: {fileID: 2293905357122099472, guid: f9d9cb76bea14ce47b43d77c6e45542a,
        type: 3}
      propertyPath: m_LocalRotation.z
      value: -0
      objectReference: {fileID: 0}
    - target: {fileID: 2293905357122099472, guid: f9d9cb76bea14ce47b43d77c6e45542a,
        type: 3}
      propertyPath: m_LocalRotation.w
      value: 1
      objectReference: {fileID: 0}
    - target: {fileID: 2293905357122099472, guid: f9d9cb76bea14ce47b43d77c6e45542a,
        type: 3}
      propertyPath: m_RootOrder
      value: 3
      objectReference: {fileID: 0}
    - target: {fileID: 2293905357122099472, guid: f9d9cb76bea14ce47b43d77c6e45542a,
        type: 3}
      propertyPath: m_LocalEulerAnglesHint.x
      value: 0
      objectReference: {fileID: 0}
    - target: {fileID: 2293905357122099472, guid: f9d9cb76bea14ce47b43d77c6e45542a,
        type: 3}
      propertyPath: m_LocalEulerAnglesHint.y
      value: 0
      objectReference: {fileID: 0}
    - target: {fileID: 2293905357122099472, guid: f9d9cb76bea14ce47b43d77c6e45542a,
        type: 3}
      propertyPath: m_LocalEulerAnglesHint.z
      value: 0
      objectReference: {fileID: 0}
    - target: {fileID: 2507451434340279515, guid: f9d9cb76bea14ce47b43d77c6e45542a,
        type: 3}
      propertyPath: m_LocalRotation.z
      value: 0.38268343
      objectReference: {fileID: 0}
    - target: {fileID: 2507451434340279515, guid: f9d9cb76bea14ce47b43d77c6e45542a,
        type: 3}
      propertyPath: m_LocalRotation.w
      value: 0.92387956
      objectReference: {fileID: 0}
    - target: {fileID: 2507451434340279515, guid: f9d9cb76bea14ce47b43d77c6e45542a,
        type: 3}
      propertyPath: m_LocalEulerAnglesHint.z
      value: 45
      objectReference: {fileID: 0}
    - target: {fileID: 4928819497798788276, guid: f9d9cb76bea14ce47b43d77c6e45542a,
        type: 3}
      propertyPath: m_Name
      value: MirrorPref
      objectReference: {fileID: 0}
    m_RemovedComponents: []
  m_SourcePrefab: {fileID: 100100000, guid: f9d9cb76bea14ce47b43d77c6e45542a, type: 3}
--- !u!4 &6148562820274952846 stripped
Transform:
  m_CorrespondingSourceObject: {fileID: 2293905357122099472, guid: f9d9cb76bea14ce47b43d77c6e45542a,
    type: 3}
  m_PrefabInstance: {fileID: 5368716860504753054}
  m_PrefabAsset: {fileID: 0}
--- !u!1001 &5589455195334883634
PrefabInstance:
  m_ObjectHideFlags: 0
  serializedVersion: 2
  m_Modification:
    m_TransformParent: {fileID: 3841367644552360493}
    m_Modifications:
    - target: {fileID: 2293905357122099472, guid: f9d9cb76bea14ce47b43d77c6e45542a,
        type: 3}
      propertyPath: m_LocalPosition.x
      value: -2.9
      objectReference: {fileID: 0}
    - target: {fileID: 2293905357122099472, guid: f9d9cb76bea14ce47b43d77c6e45542a,
        type: 3}
      propertyPath: m_LocalPosition.y
      value: 1.94
      objectReference: {fileID: 0}
    - target: {fileID: 2293905357122099472, guid: f9d9cb76bea14ce47b43d77c6e45542a,
        type: 3}
      propertyPath: m_LocalPosition.z
      value: 9.325301
      objectReference: {fileID: 0}
    - target: {fileID: 2293905357122099472, guid: f9d9cb76bea14ce47b43d77c6e45542a,
        type: 3}
      propertyPath: m_LocalRotation.x
      value: -0
      objectReference: {fileID: 0}
    - target: {fileID: 2293905357122099472, guid: f9d9cb76bea14ce47b43d77c6e45542a,
        type: 3}
      propertyPath: m_LocalRotation.y
      value: -0
      objectReference: {fileID: 0}
    - target: {fileID: 2293905357122099472, guid: f9d9cb76bea14ce47b43d77c6e45542a,
        type: 3}
      propertyPath: m_LocalRotation.z
      value: -0
      objectReference: {fileID: 0}
    - target: {fileID: 2293905357122099472, guid: f9d9cb76bea14ce47b43d77c6e45542a,
        type: 3}
      propertyPath: m_LocalRotation.w
      value: 1
      objectReference: {fileID: 0}
    - target: {fileID: 2293905357122099472, guid: f9d9cb76bea14ce47b43d77c6e45542a,
        type: 3}
      propertyPath: m_RootOrder
      value: 4
      objectReference: {fileID: 0}
    - target: {fileID: 2293905357122099472, guid: f9d9cb76bea14ce47b43d77c6e45542a,
        type: 3}
      propertyPath: m_LocalEulerAnglesHint.x
      value: 0
      objectReference: {fileID: 0}
    - target: {fileID: 2293905357122099472, guid: f9d9cb76bea14ce47b43d77c6e45542a,
        type: 3}
      propertyPath: m_LocalEulerAnglesHint.y
      value: 0
      objectReference: {fileID: 0}
    - target: {fileID: 2293905357122099472, guid: f9d9cb76bea14ce47b43d77c6e45542a,
        type: 3}
      propertyPath: m_LocalEulerAnglesHint.z
      value: 0
      objectReference: {fileID: 0}
    - target: {fileID: 2507451434340279515, guid: f9d9cb76bea14ce47b43d77c6e45542a,
        type: 3}
      propertyPath: m_LocalRotation.y
      value: -0
      objectReference: {fileID: 0}
    - target: {fileID: 2507451434340279515, guid: f9d9cb76bea14ce47b43d77c6e45542a,
        type: 3}
      propertyPath: m_LocalRotation.z
      value: 0.3826836
      objectReference: {fileID: 0}
    - target: {fileID: 2507451434340279515, guid: f9d9cb76bea14ce47b43d77c6e45542a,
        type: 3}
      propertyPath: m_LocalRotation.w
      value: -0.92387944
      objectReference: {fileID: 0}
    - target: {fileID: 2507451434340279515, guid: f9d9cb76bea14ce47b43d77c6e45542a,
        type: 3}
      propertyPath: m_LocalEulerAnglesHint.z
      value: 315
      objectReference: {fileID: 0}
    - target: {fileID: 4928819497798788276, guid: f9d9cb76bea14ce47b43d77c6e45542a,
        type: 3}
      propertyPath: m_Name
      value: MirrorPref (2)
      objectReference: {fileID: 0}
    m_RemovedComponents: []
  m_SourcePrefab: {fileID: 100100000, guid: f9d9cb76bea14ce47b43d77c6e45542a, type: 3}
--- !u!4 &5927912650930741282 stripped
Transform:
  m_CorrespondingSourceObject: {fileID: 2293905357122099472, guid: f9d9cb76bea14ce47b43d77c6e45542a,
    type: 3}
  m_PrefabInstance: {fileID: 5589455195334883634}
  m_PrefabAsset: {fileID: 0}
